 Dungeon Crawl Stone Soup version 0.29-a0-1047-g7c58e119a4 (webtiles) character file.

Game seed: 6378014836456755143

1 IdlyInterested the Grave Robber (level 1, -2/13 HPs)
             Began as a Demonspawn Wanderer on Aug 16, 2022.
             Slain by a hobgoblin (5 damage)
             ... on level 1 of the Dungeon.
             The game lasted 00:01:06 (92 turns).

IdlyInterested the Grave Robber (Demonspawn Wanderer) Turns: 92, Time: 00:01:07

Health: -2/13      AC:  2    Str:  8    XL:     1   Next: 16%
Magic:  2/2        EV: 11    Int: 17    God:
Gold:   34         SH:  0    Dex: 12    Spells: 2/2 levels left

rFire   . . .      SeeInvis .   a - +0 dagger
rCold   . . .      Faith    .   (no shield)
rNeg    . . .      Spirit   .   c - +0 robe
rPois   .          Reflect  .   (no helmet)
rElec   .          Harm     .   (no cloak)
rCorr   .          Rampage  .   (no gloves)
Will    .....                   (no boots)
Stlth   ++........              (no amulet)
HPRegen 0.04/turn               (no ring)
MPRegen 0.08/turn               (no ring)

@: no status effects
A: no striking features
a: no special abilities


You were on level 1 of the Dungeon.
You visited 1 branch of the dungeon, and saw 1 of its levels.

You collected 34 gold pieces.

Inventory:

Hand Weapons
 a - a +0 dagger (weapon)
Armour
 c - a +0 robe (worn)
Scrolls
 b - a scroll of silence
 e - a scroll of magic mapping {unknown}
Miscellaneous
 d - a piece from Xom's chessboard (12/15) (quivered)


   Skills:
 * Level 0.2 Fighting
 + Level 1.0 Dodging
 - Level 1.0 Stealth
 - Level 1.0 Spellcasting
 - Level 2.0 Hexes
 - Level 4.3 Necromancy
 - Level 1.0 Evocations


You had 2 spell levels left.
You didn't know any spells.
Your spell library contained the following spells:

 Spells                   Type           Power      Damage    Failure   Level
 Necrotise                Necr           60%        1d7       3%          1
 Slow                     Hex            28%        N/A       10%         1
 Vampiric Draining        Necr           15%        2d7       11%         3
 Dispel Undead            Necr           15%        3d10      34%         4
 Inner Flame              Hex/Fire       4%         N/A       38%         3


Dungeon Overview and Level Annotations

Branches:
Dungeon (1/15)

Altars:


Message History

You kill the rat!
You now have 13 gold pieces.
You see here a rat corpse.
You now have 22 gold pieces (gained 9).
Found 7 stones and 12 gold pieces.
Found 3 stones.
e - a scroll labelled HOL ECIAPAANEL You now have 34 gold pieces (gained 12).
A bat comes into view.
The bat hits you but does no damage.
You barely miss the bat. The bat hits you.
You hit the bat but do no damage. The bat misses you.
You hit the bat.
You kill the bat!
HP restored.
A hobgoblin and a rat come into view.
Found a stone staircase leading down.
Found 11 gold pieces.
The hobgoblin shouts!
You hear an angry hiss.
A frilled lizard comes into view.
Non-targeted evoke: piece from Xom's chessboard (14/15)
Press: ? - help, Q - select action Dir - look around, f - activate You make a move on Xom's chessboard...
The rat suddenly stops moving!
The hobgoblin hits you.
You closely miss the hobgoblin. The hobgoblin closely misses you.
You hit the hobgoblin.
The hobgoblin is moderately wounded.
The hobgoblin hits you.
Non-targeted evoke: piece from Xom's chessboard (13/15)
Press: ? - help, Q - select action Dir - look around, f - activate You make a move on Xom's chessboard...
The hobgoblin struggles to resist.
The hobgoblin hits you but does no damage.
You hit the hobgoblin but do no damage.
The hobgoblin is moderately wounded.
The hobgoblin hits you.
* * * LOW HITPOINT WARNING * * *
You hit the hobgoblin but do no damage.
The hobgoblin is moderately wounded.
The hobgoblin hits you.
You die...

.######### #.# .........#
#.# '###...((# #.# ..#.
..8#.....# #.# ... .
#.##..#..# #.# ...#.#
#.8#.###.# #.# .#....
#.##.###.# #.# ###.....#
#.8#..#..###.#####.......#
#.##............@gl..r..>#
..8######.########........
..#8#8#8#.# #........
........#.# #........
<...###.+.# #........
........### #.......$
..#8#8#8# #........
..8#### ......... #.##
######...


You could see a hobgoblin, a frilled lizard and a rat (paralysed).

Vanquished Creatures
  A bat (D:1)
  A rat (D:1)
2 creatures vanquished.

Notes
Turn   | Place    | Note
-------+----------+-------------------------------------------
     0 | D:1      | IdlyInterested the Demonspawn Wanderer began the quest for
                  | the Orb.
     0 | D:1      | IdlyInterested set off with the following items: a +0
                  | dagger, a scroll of silence, a +0 robe, a piece from Xom's
                  | chessboard (15/15); and the following spells available to
                  | memorise: Necrotise, Slow, Vampiric Draining, Dispel
                  | Undead, Inner Flame.
     0 | D:1      | Reached XP level 1. HP: 13/13 MP: 2/2
    92 | D:1      | Slain by a hobgoblin

Illustrated notes

Levels and vault maps discovered:
D:1:      heliophobic_arrival_ceremonial_halls, layout_basic,
          ebering_ecumenical_altar_mist

Action                   || total
-------------------------++-------
Melee: Dagger            ||     8
Evoke: Piece from Xom's  ||     3
Armor: Robe              ||     2
Dodge: Dodged            ||     3

Table legend: (Time is in decaauts)
 A = Elapsed time spent in this place.
 B = Non-inter-level travel time spent in this place.
 C = Inter-level travel time spent in this place.
 D = Time resting spent in this place.
 E = Time spent auto-exploring this place.
 F = Levels seen in this place.
 G = Mean time per level.
                   A        B        C        D        E       F      G
               +--------+--------+--------+--------+--------+-----+--------+
         Total |     92 |     92 |      0 |      0 |     50 |   1 |   92.0 |
       Dungeon |     92 |     92 |      0 |      0 |     50 |   1 |   92.0 |
               +--------+--------+--------+--------+--------+-----+--------+

Top non-repeatable levels by time:
     D:1: 92 daAuts
